| TOP OF THE 1ST |
|
Columbus Clippers batting - Pitching for Rochester Red Wings : RHP Al Dawson
|
|
Pitching: RHP Al Dawson
|
|
|
Batting: SHB Curt Wilkerson
|
0-0: Ball 1-0: TRIPLE (Groundball, 5L, EV 100.6 MPH)
|
|
Batting: RHB Javier Leyva
|
0-0: Ball 1-0: Ball 2-0: Called Strike 2-1: Foul Ball, location: 2F 2-2: Ball 3-2: Base on Balls
|
|
Batting: LHB Denny Porter
|
0-0: Called Strike 0-1: Ball 1-1: Swinging Strike 1-2: Ball 2-2: Ball 3-2: Foul Ball, location: 2F 3-2: SINGLE (Flyball, 56D, EV 81.3 MPH) Curt Wilkerson scores Javier Leyva to second Javier Leyva to third
|
|
Batting: LHB Barry Butera
|
0-0: Ball 1-0: Ball 2-0: Ball 3-0: Base on Balls Denny Porter to second
|
|
Batting: LHB Elijah Bonaparte
|
0-0: Ball 1-0: Foul Ball, location: 2F 1-1: Ball 2-1: Swinging Strike 2-2: Strikes out swinging
|
|
Batting: LHB Gene Gentile
|
0-0: Ball 1-0: Fly out, F7 (Flyball, 78M, EV 99.4 MPH) Runner from 3rd tags up, SCORES, throw by LF
|
|
Batting: LHB Jordan Medrano
|
0-0: Foul Ball, location: 2F 0-1: Ball 1-1: Ball 2-1: Foul Ball, location: 2F 2-2: Foul Ball, location: 2F 2-2: Strikes out looking
|
| Top of the 1st over - 2 runs, 2 hits, 0 errors, 2 left on base; Columbus 2 - Rochester 0 |
| BOTTOM OF THE 1ST |
|
Rochester Red Wings batting - Pitching for Columbus Clippers : RHP Gene Nelson
|
|
Pitching: RHP Gene Nelson
|
|
|
Batting: RHB Johnnie LeMaster
|
0-0: Ball 1-0: Foul Ball, location: 2F 1-1: Fly out, F8 (Line Drive, 8RD, EV 95.6 MPH)
|
|
Batting: LHB Ed Amelung
|
0-0: Ground out 4-3 (Groundball, 4M, EV 87.5 MPH)
|
|
Batting: SHB Jordan Ayala
|
0-0: Swinging Strike 0-1: Reached on error, E5 (Groundball, 5, EV 101.3 MPH)
|
|
Batting: RHB Gerry Davis
|
0-0: Swinging Strike 0-1: Ball 1-1: Ball 2-1: Foul Ball, location: 2F 2-2: Ball Jordan Ayala is caught stealing 2nd base 2-4
|
| Bottom of the 1st over - 0 runs, 0 hits, 1 error, 0 left on base; Columbus 2 - Rochester 0 |
| TOP OF THE 2ND |
|
Columbus Clippers batting - Pitching for Rochester Red Wings : RHP Al Dawson
|
|
Batting: RHB Tracy Anderson
|
0-0: Swinging Strike 0-1: Foul Ball, location: 2F 0-2: Foul Ball, location: 2F 0-2: Ground out 4-3 (Groundball, 4MD, EV 90.0 MPH)
|
|
Batting: RHB Luis Aguayo
|
0-0: Ball 1-0: DOUBLE (Groundball, 5L, EV 102.5 MPH)
|
|
Batting: SHB Curt Wilkerson
|
0-0: Foul Ball, location: 2F 0-1: Ball 1-1: Fly out, F7 (Flyball, 78M, EV 98.1 MPH)
|
|
Batting: RHB Javier Leyva
|
0-0: Ball 1-0: Called Strike 1-1: Foul Ball, location: 2F 1-2: Strikes out swinging
|
| Top of the 2nd over - 0 runs, 1 hit, 0 errors, 1 left on base; Columbus 2 - Rochester 0 |
| BOTTOM OF THE 2ND |
|
Rochester Red Wings batting - Pitching for Columbus Clippers : RHP Gene Nelson
|
|
Batting: RHB Gerry Davis
|
0-0: Ball 1-0: Called Strike 1-1: Fly out, F9 (Flyball, 89M, EV 90.6 MPH)
|
|
Batting: RHB Joe Carter
|
0-0: Ball 1-0: Ground out 6-3 (Groundball, 6, EV 107.5 MPH)
|
|
Batting: RHB Chris Johnston
|
0-0: Called Strike 0-1: Swinging Strike 0-2: Strikes out looking
|
| Bottom of the 2nd over - 0 runs, 0 hits, 0 errors, 0 left on base; Columbus 2 - Rochester 0 |
| TOP OF THE 3RD |
|
Columbus Clippers batting - Pitching for Rochester Red Wings : RHP Al Dawson
|
|
Batting: LHB Denny Porter
|
0-0: Ball 1-0: Foul Ball, location: 2F 1-1: Ground out 4-3 (Groundball, 4, EV 85.0 MPH)
|
|
Batting: LHB Barry Butera
|
0-0: Ball 1-0: Ball 2-0: Foul Ball, location: 2F 2-1: Fly out, F7 (Flyball, 78M, EV 95.6 MPH)
|
|
Batting: LHB Elijah Bonaparte
|
0-0: Ball 1-0: Foul Ball, location: 2F 1-1: Foul Ball, location: 2F 1-2: Ground out 5-3 (Groundball, 56, EV 97.5 MPH)
|
| Top of the 3rd over - 0 runs, 0 hits, 0 errors, 0 left on base; Columbus 2 - Rochester 0 |
| BOTTOM OF THE 3RD |
|
Rochester Red Wings batting - Pitching for Columbus Clippers : RHP Gene Nelson
|
|
Batting: LHB Dave Falcone
|
0-0: Ball 1-0: Ground out 4-3 (Groundball, 34, EV 108.1 MPH)
|
|
Batting: RHB Tom Brookens
|
0-0: Swinging Strike 0-1: Ball 1-1: Foul Ball, location: 2F 1-2: Ball 2-2: Strikes out swinging
|
|
Batting: RHB Jerry Dybzinski
|
0-0: Foul Ball, location: 2F 0-1: Ground out 5-3 (Groundball, 56, EV 81.3 MPH)
|
| Bottom of the 3rd over - 0 runs, 0 hits, 0 errors, 0 left on base; Columbus 2 - Rochester 0 |
| TOP OF THE 4TH |
|
Columbus Clippers batting - Pitching for Rochester Red Wings : RHP Al Dawson
|
|
Batting: LHB Gene Gentile
|
0-0: DOUBLE (Line Drive, 78XD, EV 106.9 MPH)
|
|
Batting: LHB Jordan Medrano
|
0-0: SINGLE (Groundball, 3D, EV 105.6 MPH) Gene Gentile to third Runner from 3rd tries for Home, SAFE, throw by RF to home
|
|
Batting: RHB Tracy Anderson
|
0-0: Called Strike 0-1: Ball 1-1: Foul Ball, location: 2F 1-2: Strikes out swinging
|
|
Batting: RHB Luis Aguayo
|
0-0: Called Strike 0-1: Fly out, F3 (Popup, 3SF, EV 63.8 MPH)
|
|
Batting: SHB Curt Wilkerson
|
0-0: Called Strike 0-1: Ball 1-1: SINGLE (Line Drive, 78S, EV 111.3 MPH) Jordan Medrano to second
|
|
Batting: RHB Javier Leyva
|
0-0: Swinging Strike 0-1: Ball 1-1: Fielders Choice at 2nd, 5-4 (Groundball, 5, EV 105.0 MPH)
|
| Top of the 4th over - 1 run, 3 hits, 0 errors, 2 left on base; Columbus 3 - Rochester 0 |
| BOTTOM OF THE 4TH |
|
Rochester Red Wings batting - Pitching for Columbus Clippers : RHP Gene Nelson
|
|
Batting: RHB Johnnie LeMaster
|
0-0: Ball 1-0: Ball 2-0: Called Strike 2-1: Ball 3-1: Foul Ball, location: 2F 3-2: Ground out 5-3 (Groundball, 5L, EV 87.5 MPH)
|
|
Batting: LHB Ed Amelung
|
0-0: Ball 1-0: Ball 2-0: Ball 3-0: Foul Ball, location: 2F 3-1: Base on Balls
|
|
Batting: SHB Jordan Ayala
|
0-0: Called Strike Ed Amelung is caught stealing 2nd base 2-6 0-1: Ball 1-1: Ground out 5-3 (Groundball, 56, EV 105.6 MPH)
|
| Bottom of the 4th over - 0 runs, 0 hits, 0 errors, 0 left on base; Columbus 3 - Rochester 0 |
| TOP OF THE 5TH |
|
Columbus Clippers batting - Pitching for Rochester Red Wings : RHP Al Dawson
|
|
Batting: LHB Denny Porter
|
0-0: Fly out, F9 (Flyball, 89S, EV 80.6 MPH)
|
|
Batting: LHB Barry Butera
|
0-0: Ball 1-0: Ball 2-0: Fly out, F8 (Flyball, 8RD, EV 98.8 MPH)
|
|
Batting: LHB Elijah Bonaparte
|
0-0: Ball 1-0: Swinging Strike 1-1: Swinging Strike 1-2: Ball 2-2: Foul Ball, location: 2F 2-2: Foul Ball, location: 2F 2-2: Ball 3-2: Foul Ball, location: 2F 3-2: Foul Ball, location: 2F 3-2: Strikes out looking
|
| Top of the 5th over - 0 runs, 0 hits, 0 errors, 0 left on base; Columbus 3 - Rochester 0 |
| BOTTOM OF THE 5TH |
|
Rochester Red Wings batting - Pitching for Columbus Clippers : RHP Gene Nelson
|
|
Batting: RHB Gerry Davis
|
0-0: Ball 1-0: Fly out, F5 (Popup, 25, EV 94.4 MPH)
|
|
Batting: RHB Joe Carter
|
0-0: Ground out 5-3 (Groundball, 5, EV 110.0 MPH)
|
|
Batting: RHB Chris Johnston
|
0-0: SINGLE (Line Drive, 7S, EV 96.3 MPH)
|
|
Batting: LHB Dave Falcone
|
0-0: Ground out U3 (Groundball, 34S, EV 95.0 MPH)
|
| Bottom of the 5th over - 0 runs, 1 hit, 0 errors, 1 left on base; Columbus 3 - Rochester 0 |
| TOP OF THE 6TH |
|
Columbus Clippers batting - Pitching for Rochester Red Wings : RHP Al Dawson
|
|
Batting: LHB Gene Gentile
|
0-0: Foul Ball, location: 2F 0-1: Called Strike 0-2: Ball 1-2: Strikes out looking
|
|
Batting: LHB Jordan Medrano
|
0-0: Ball 1-0: Ball 2-0: Ball 3-0: Called Strike 3-1: Base on Balls
|
|
Batting: RHB Tracy Anderson
|
0-0: Called Strike 0-1: Ball 1-1: Swinging Strike 1-2: Ball 2-2: Foul Ball, location: 2F 2-2: Fly out, F8 (Line Drive, 8LD, EV 90.0 MPH)
|
|
Batting: RHB Luis Aguayo
|
0-0: Ball 1-0: Called Strike 1-1: Called Strike 1-2: Ball 2-2: Ball 3-2: Strikes out swinging
|
| Top of the 6th over - 0 runs, 0 hits, 0 errors, 1 left on base; Columbus 3 - Rochester 0 |
| BOTTOM OF THE 6TH |
|
Rochester Red Wings batting - Pitching for Columbus Clippers : RHP Gene Nelson
|
|
Batting: RHB Tom Brookens
|
0-0: Ball 1-0: Ball 2-0: Fly out, F8 (Flyball, 89XD, EV 110.0 MPH)
|
|
Batting: RHB Jerry Dybzinski
|
0-0: Ball 1-0: Called Strike 1-1: Foul Ball, location: 2F 1-2: Strikes out swinging
|
|
Batting: RHB Johnnie LeMaster
|
0-0: Ball 1-0: Ball 2-0: Ball 3-0: Called Strike 3-1: Swinging Strike 3-2: Strikes out looking
|
| Bottom of the 6th over - 0 runs, 0 hits, 0 errors, 0 left on base; Columbus 3 - Rochester 0 |
| TOP OF THE 7TH |
|
Columbus Clippers batting - Pitching for Rochester Red Wings : RHP Al Dawson
|
|
Batting: SHB Curt Wilkerson
|
0-0: Ground out 4-3 (Groundball, 4, EV 81.3 MPH)
|
|
Batting: RHB Javier Leyva
|
0-0: Fly out, F8 (Flyball, 78D, EV 91.9 MPH)
|
|
Batting: LHB Denny Porter
|
0-0: Ball 1-0: Swinging Strike 1-1: Ball 2-1: Reached on error, E6 (Groundball, 56, EV 104.4 MPH)
|
|
Batting: LHB Barry Butera
|
0-0: Called Strike 0-1: Ground out U3 (Groundball, 3S, EV 80.6 MPH)
|
| Top of the 7th over - 0 runs, 0 hits, 1 error, 1 left on base; Columbus 3 - Rochester 0 |
| BOTTOM OF THE 7TH |
|
Rochester Red Wings batting - Pitching for Columbus Clippers : RHP Gene Nelson
|
|
Batting: LHB Ed Amelung
|
0-0: Called Strike 0-1: Ball 1-1: Swinging Strike 1-2: SOLO HOME RUN (Line Drive, 9D, EV 95.6 MPH), Distance : 377 ft
|
|
Batting: SHB Jordan Ayala
|
0-0: Ball 1-0: Fly out, F8 (Flyball, 8RXD, EV 90.0 MPH)
|
|
Batting: RHB Gerry Davis
|
0-0: Ground out 5-3 (Groundball, 5S, EV 90.0 MPH)
|
|
Batting: RHB Joe Carter
|
0-0: Swinging Strike 0-1: Ball 1-1: Ball 2-1: Fly out, F4 (Flyball, 34D, EV 86.3 MPH)
|
| Bottom of the 7th over - 1 run, 1 hit, 0 errors, 0 left on base; Columbus 3 - Rochester 1 |
| TOP OF THE 8TH |
|
Columbus Clippers batting - Pitching for Rochester Red Wings : RHP Al Dawson
|
|
Batting: LHB Elijah Bonaparte
|
0-0: Ball 1-0: Foul Ball, location: 2F 1-1: Foul Ball, location: 2F 1-2: SINGLE (Groundball, 34D, EV 100.0 MPH)
|
|
Batting: LHB Gene Gentile
|
0-0: Ball 1-0: Fielders Choice at 2nd, 3-6 (Groundball, 3, EV 83.8 MPH)
|
|
Batting: LHB Jordan Medrano
|
0-0: Ball Gene Gentile is caught stealing 2nd base 2-6 1-0: Ball 2-0: Called Strike 2-1: Foul Ball, location: 2F 2-2: Ball 3-2: Reached via error on a dropped throw from 1B, E1 (Groundball, 34, EV 105.6 MPH)
|
|
Batting: RHB Tracy Anderson
|
0-0: Called Strike 0-1: Ball 1-1: Called Strike 1-2: Foul Ball, location: 2F 1-2: Ball Wild Pitch! Jordan Medrano to second 2-2: Ball 3-2: Reached on error, E5 (Groundball, 5, EV 83.1 MPH) Jordan Medrano to third
|
|
Batting: RHB Luis Aguayo
|
0-0: Ball 1-0: Ball 2-0: Swinging Strike 2-1: Ball 3-1: Ground out 4-3 (Groundball, 34, EV 98.1 MPH)
|
| Top of the 8th over - 0 runs, 1 hit, 2 errors, 2 left on base; Columbus 3 - Rochester 1 |
| BOTTOM OF THE 8TH |
|
Rochester Red Wings batting - Pitching for Columbus Clippers : RHP Gene Nelson
|
|
Batting: RHB Chris Johnston
|
0-0: Ball 1-0: Ball 2-0: Foul Ball, location: 2F 2-1: Ground out 2-3 (Groundball, 13S, EV 68.1 MPH)
|
|
Batting: LHB Dave Falcone
|
0-0: Swinging Strike 0-1: Ball 1-1: Ball 2-1: Ball 3-1: Fly out, F8 (Flyball, 8LM, EV 78.8 MPH)
|
|
Batting: RHB Tom Brookens
|
0-0: Called Strike 0-1: Ball 1-1: Ball 2-1: Foul Ball, location: 2F 2-2: Foul Ball, location: 2F 2-2: Fly out, F6 (Line Drive, 6, EV 66.9 MPH)
|
| Bottom of the 8th over - 0 runs, 0 hits, 0 errors, 0 left on base; Columbus 3 - Rochester 1 |
| TOP OF THE 9TH |
|
Columbus Clippers batting - Pitching for Rochester Red Wings : RHP Al Dawson
|
|
Pitching: LHP Ray Searage
|
|
|
Batting: SHB Curt Wilkerson
|
0-0: Foul Ball, location: 2F 0-1: Swinging Strike 0-2: SINGLE (Line Drive, 8RS, EV 95.0 MPH)
|
|
Batting: RHB Javier Leyva
|
0-0: Sac Bunt to 3S - play at first, batter OUT! 3-4 Curt Wilkerson to second
|
|
Batting: LHB Denny Porter
|
0-0: Called Strike 0-1: Fly out, F7 (Line Drive, 7, EV 90.6 MPH)
|
|
Batting: LHB Barry Butera
|
0-0: Called Strike 0-1: Foul Ball, location: 2F 0-2: Ball 1-2: Ball 2-2: Ground out 1-3 (Groundball, 13S, EV 68.1 MPH)
|
| Top of the 9th over - 0 runs, 1 hit, 0 errors, 1 left on base; Columbus 3 - Rochester 1 |
| BOTTOM OF THE 9TH |
|
Rochester Red Wings batting - Pitching for Columbus Clippers : RHP Gene Nelson
|
|
Pitching: RHP Mark C Smith
|
|
|
Batting: RHB Jerry Dybzinski
|
0-0: Ball 1-0: Ground out 4-3 (Groundball, 34, EV 100.6 MPH)
|
|
Batting: RHB Johnnie LeMaster
|
0-0: SINGLE (Groundball, 5L, EV 101.9 MPH)
|
|
Batting: LHB Ed Amelung
|
0-0: Swinging Strike 0-1: SINGLE (Line Drive, 89M, EV 89.4 MPH) Johnnie LeMaster to second
|
|
Batting: SHB Jordan Ayala
|
0-0: Called Strike 0-1: Foul Ball, location: 2F 0-2: Ball 1-2: Foul Ball, location: 2F 1-2: Fly out, F4 (Popup, 4M, EV 53.8 MPH)
|
|
Batting: RHB Gerry Davis
|
0-0: Called Strike 0-1: Ball 1-1: Foul Ball, location: 2F 1-2: Foul Ball, location: 2F 1-2: Ball 2-2: Foul Ball, location: 2F 2-2: Fly out, F8 (Flyball, 8RXD, EV 101.3 MPH)
|
| Bottom of the 9th over - 0 runs, 2 hits, 0 errors, 2 left on base; Columbus 3 - Rochester 1 |
|